Map: Proxima Station LE

Players

TooDming - Winner!

  • Race: Zerg Zerg
  • Spawn Location: 7:00

xKawaiian

  • Race: Terran Terran
  • Spawn Location: 1:00

Event: WCS Austin 2017

VOD

Have the link to the VOD?

Description

Time

  • Played on: April 28, 2017, 5:47 p.m.
  • Length: 9:23

All games in this series

Show
View Real Time Build Order
Export as new Build Order

TooDming Zerg - Winner!

Build Orders: Pool First, Muta Ling Bane 

Get SALT Encoding   

  12  0:00  Drone  
  13  0:12  Overlord  
  13  0:17  Drone  
  14  0:31  Drone x2  
  14  0:35  Drone  
  17  0:45  Spawning Pool  
  17  0:48  Drone  
  17  1:08  Hatchery  
  16  1:13  Drone  
  16  1:15  Drone  
  16  1:18  Drone  
  19  1:31  Queen  
  19  1:32  Zergling x2  
  22  1:38  Overlord  
  22  1:55  Hatchery  
  22  1:59  Extractor  
  20  2:02  Drone  
  20  2:03  Drone  
  22  2:12  Queen  
  24  2:21  Queen  
  26  2:24  Drone  
  26  2:28  Drone  
  28  2:31  Drone  
  29  2:39  Drone  
  29  2:42  Drone x2  
  32  2:44  Drone  
  33  2:52  Drone x2  
  33  2:55  Drone  
  36  3:00  Metabolic Boost  
  36  3:05  Overlord  
  36  3:07  Drone  
  36  3:09  Drone  
  38  3:15  Drone x2  
  38  3:18  Overlord  
  40  3:21  Drone  
  40  3:26  Drone x3  
  44  3:29  Drone  
  44  3:30  Drone  
  44  3:33  Drone x2  
  48  3:35  Drone  
  48  3:37  Drone  
  48  3:39  Drone  
  48  3:40  Drone  
  52  3:44  Overlord  
  52  3:52  Queen  
  52  3:54  Queen  
  56  3:58  Queen  
  58  4:03  Drone  
  58  4:04  Drone x3  
  58  4:05  Drone  
  58  4:06  Drone  
  58  4:08  Drone  
  58  4:09  Drone  
  66  4:11  Overlord  
  66  4:14  Overlord  
  66  4:21  Evolution Chamber x2  
  64  4:24  Extractor  
  64  4:25  Zergling x6  
  64  4:29  Zergling x8  
  64  4:30  Zergling x2  
  71  4:39  Overlord  
  71  4:41  Zergling x14  
  78  4:47  Zerg Melee Weapons Level 1, Zerg Ground Armor Level 1  
  78  4:56  Queen x2  
  78  4:57  Baneling Nest  
  81  5:05  Drone x8  
  88  5:07  Overlord  
  88  5:18  Lair  
  86  5:22  Overlord x2  
  86  5:23  Extractor  
  86  5:24  Extractor  
  86  5:27  Drone x3  
  86  5:28  Zergling x8  
  90  5:30  Zergling x2  
  90  5:33  Spore Crawler  
  90  5:34  Drone, Spore Crawler  
  90  5:35  Drone  
  92  5:36  Spore Crawler  
  92  5:37  Drone  
  92  5:38  Drone  
  93  5:44  Drone x2  
  93  5:45  Drone  
  93  5:47  Drone  
  93  5:48  Drone x2  
  99  5:51  Extractor  
  99  5:55  Drone  
  99  5:56  Overlord  
  99  5:58  Drone, Hatchery  
  99  6:01  Drone x2  
  99  6:02  Drone x2  
  103  6:07  Extractor  
  103  6:10  Overlord, Baneling x6  
  102  6:12  Overlord  
  102  6:16  Centrifical Hooks  
  102  6:23  Zergling x8  
  102  6:24  Spire  
  105  6:31  Baneling x7  
  104  6:38  Zergling x18  
  107  6:45  Zergling x2  
  107  6:46  Baneling  
  98  6:51  Zergling x14  
  100  6:56  Zergling x2  
  100  7:00  Zergling x2  
  99  7:02  Zergling x2  
  99  7:05  Zergling x4  
  99  7:06  Zergling x4  
  100  7:16  Baneling x6  
  100  7:18  Overlord  
  100  7:20  Zergling x2  
  100  7:21  Zergling x4  
  103  7:24  Overseer  
  103  7:26  Zergling x4  
  105  7:30  Hatchery  
  105  7:32  Pneumatized Carapace  
  105  7:35  Drone x2  
  106  7:42  Mutalisk x4  
  114  7:49  Zergling x4  
  114  7:56  Mutalisk  
  114  7:57  Mutalisk  
  110  7:59  Zergling x6  
  110  8:03  Zergling x22  
  124  8:09  Baneling x9  
  124  8:11  Zergling x2  
  124  8:12  Zergling x2  
  126  8:18  Baneling x3  
  126  8:19  Baneling x2  
  126  8:22  Zergling x6  
  128  8:31  Mutalisk x2  
  128  8:33  Zergling x18  
  141  8:36  Zergling x4  
  141  8:38  Overlord x2  
  141  8:39  Overlord  
  143  8:47  Drone x4  
  147  8:48  Baneling x6  
  147  8:49  Baneling x5  
  147  8:52  Zergling x4  
  149  8:56  Mutalisk, Overlord  
  149  8:57  Overlord  
  149  9:02  Baneling x3  
  151  9:03  Baneling x2  
Show
View Real Time Build Order
Export as new Build Order

xKawaiian Terran 

Build Orders: Reaper Expand, MMM Bio 

Get SALT Encoding   

  12  0:01  SCV  
  13  0:13  SCV  
  14  0:18  Supply Depot  
  14  0:25  SCV  
  15  0:39  SCV  
  15  0:41  Barracks  
  16  0:44  Refinery  
  16  0:51  SCV  
  17  1:03  SCV  
  18  1:16  SCV  
  19  1:29  Orbital Command  
  19  1:31  Reaper  
  20  1:45  Command Center  
  20  1:54  SCV  
  21  2:02  Barracks  
  21  2:03  Barracks Reactor  
  21  2:07  SCV  
  22  2:11  Refinery  
  22  2:19  Supply Depot  
  22  2:23  SCV  
  23  2:33  Factory  
  23  2:41  Marine x2, SCV  
  26  2:50  Barracks Tech Lab  
  26  2:53  SCV  
  27  2:59  Marine  
  27  3:00  Orbital Command  
  27  3:05  Marine, SCV  
  29  3:10  Stimpack  
  30  3:15  Marine  
  31  3:20  Starport  
  31  3:21  Factory Reactor  
  31  3:25  Marine  
  32  3:28  SCV  
  32  3:30  SCV  
  34  3:34  Marine  
  34  3:36  Marine  
  36  3:42  SCV  
  36  3:44  Supply Depot  
  36  3:46  Marine  
  38  3:52  Marine, SCV  
  38  3:54  Marine, SCV  
  42  4:03  Medivac, Marine  
  42  4:05  Widow Mine, Medivac  
  49  4:10  Marine  
  49  4:11  Supply Depot  
  49  4:13  Marine  
  49  4:16  SCV x2  
  53  4:28  Supply Depot, SCV  
  54  4:32  SCV  
  54  4:34  Marine x2  
  57  4:44  Hellion x2, Marine  
  62  4:47  Barracks  
  62  4:49  Medivac  
  64  4:53  Supply Depot  
  64  4:58  Marine, SCV x2  
  67  5:03  Marine x2  
  69  5:09  Armory  
  69  5:11  Combat Shields  
  67  5:16  Marine  
  67  5:21  Hellion, Medivac, Marine x2  
  55  5:22  Hellion  
  55  5:25  Supply Depot  
  61  5:35  Marine x2  
  61  5:39  Supply Depot, Marine x2  
  65  5:44  Hellion x2  
  69  5:51  Medivac  
  69  5:53  Marine x2  
  69  5:57  Marine x2  
  73  6:02  Supply Depot  
  75  6:04  Barracks  
  75  6:08  Hellion x2  
  75  6:11  Marine  
  79  6:12  Marine  
  79  6:14  Marine x2  
  83  6:21  Medivac  
  85  6:29  Hellion x2, Marine  
  85  6:30  Marine  
  85  6:32  Marine x2  
  87  6:47  Marine  
  85  6:48  Marine  
  85  6:50  Hellion x2, Marine x2  
  80  6:55  Liberator  
  80  6:57  Marine  
  76  7:04  Marine  
  76  7:05  Marine  
  76  7:08  Marine x2  
  69  7:12  Hellion x2  
  69  7:15  Marine  
  76  7:20  Supply Depot  
  76  7:21  Supply Depot  
  76  7:22  Marine  
  76  7:23  Marine  
  76  7:26  Marine x2  
  80  7:33  Marine  
  81  7:40  Marine  
  81  7:41  Marine  
  81  7:43  Marine  
  81  7:44  Marine  
  83  7:50  Marine  
  84  7:58  Marine  
  61  7:59  Marine  
  61  8:01  Marine x2  
  61  8:02  Hellion x2  
  68  8:08  Medivac, Marine  
  71  8:15  Barracks x2  
  71  8:16  Marine  
  71  8:17  Marine  
  71  8:18  Engineering Bay  
  71  8:19  Marine x2  
  76  8:20  SCV x2  
  76  8:26  Widow Mine x2, Marine  
  81  8:30  Command Center  
  81  8:33  Marine  
  83  8:38  Marauder  
  83  8:39  Marine x2  
  83  8:41  Starport Reactor  
  84  8:46  SCV  
  85  8:51  Marine  
  85  8:53  SCV  
  87  8:56  Refinery  
  87  8:57  Refinery  
  87  8:59  Barracks Tech Lab  
  87  9:01  SCV  
  88  9:03  Barracks Tech Lab  
  88  9:05  SCV  
  89  9:10  Barracks Reactor  
Tags
 
Add a new tag
Caveats
  • Supply blocks, unpowered buildings, or Contaminate may cause inaccurate times.
  • Supply counts are checked every 10 seconds.